 Dungeon Crawl Stone Soup version 0.31-a0-981-geadf994542 (webtiles) character file.

Game seed: 8494737271246908232

2084 retardedninja the Firebug (level 9, -1/54 HPs)
             Began as a Gargoyle Fire Elementalist on Oct 30, 2023.
             Slain by an orc warrior
             ... wielding a +0 great sword
              (17 damage)
             ... on level 6 of the Dungeon on Nov 1, 2023.
             The game lasted 00:18:59 (10374 turns).

retardedninja the Firebug (GrFE)                   Turns: 10374, Time: 00:19:00

Health: -1/54      AC:  9    Str: 12    XL:     9   Next: 27%
Magic:  4/16       EV: 12    Int: 20    God:
Gold:   336        SH:  0    Dex: 10    Spells: 15/18 levels left

rFire   . . .        t - +3 halberd
rCold   . . .        (shield currently unavailable)
rNeg    + . .        a - +0 robe
rPois   ∞            u - +0 helmet
rElec   +            (no cloak)
rCorr   .            (no gloves)
SInv    .            (no boots)
Will    .....        (no amulet)
Stlth   ++           (no ring)
HPRegen 0.29/turn    (no ring)
MPRegen 0.15/turn

%: no passive effects
@: no status effects
A: sickness immunity, AC +6, negative energy resistance 1, electricity
resistance, torment resistance 1, petrification resistance
a: no special abilities


You were on level 6 of the Dungeon.
You visited 2 branches of the dungeon, and saw 7 of its levels.
You also visited: Sewer.

You collected 336 gold pieces.

Inventory:

Hand Weapons
 t - a +3 halberd (weapon)
Missiles
 r - a throwing net
Armour
 a - a +0 robe (worn)
 u - a +0 helmet (worn)
 x - a +0 pair of gloves
Wands
 m - a wand of digging (3)
 v - a wand of roots (2)
Scrolls
 c - 2 scrolls of fear
 f - a scroll of vulnerability
 g - 2 scrolls of teleportation
 k - a scroll of butterflies {unknown}
 n - a scroll of fog {unknown}
 s - a scroll of blinking {unknown}
 w - a scroll of torment {unknown}
 y - a scroll of revelation {unknown}
 z - a scroll of immolation {unknown}
Potions
 b - a potion of magic
 d - a potion of invisibility
 e - a potion of mutation {unknown}
 h - 2 potions of curing
 i - 2 potions of heal wounds {unknown}
 j - a potion of might {unknown}
 l - a potion of haste {unknown}
 o - a potion of enlightenment {unknown}
 p - 2 potions of berserk rage
 q - a potion of resistance {unknown}


   Skills:
 + Level 5.5 Fighting
 - Level 1.7 Dodging
 - Level 2.4 Stealth
 + Level 5.2 Spellcasting
 + Level 5.8 Conjurations
 + Level 6.0 Fire Magic
 + Level 4.1 Air Magic


You had 15 spell levels left.
You knew the following spells:

 Your Spells              Type           Power      Damage    Failure   Level
a - Foxfire               Conj/Fire      100%       2x1d9     1%          1
b - Scorch                Fire           58%        2d7       1%          2

Your spell library contained the following spells:

 Spells                   Type           Power      Damage    Failure   Level
 Inner Flame              Hex/Fire       17%        N/A       10%         3
 Volatile Blastmotes      Fire/Tloc      34%        2d12      10%         3
 Flame Wave               Conj/Fire      29%        2d9       10%         4
 Summon Lightning Spire   Summ/Air       13%        N/A       43%         4
 Animate Armour           Summ/Erth      10%        N/A       75%         4
 Manifold Assault         Tloc           5%         N/A       75%         4
 Conjure Ball Lightning   Conj/Air       12%        3x3d6     92%         6
 Lee's Rapid Deconstruct  Erth           2%         3d5*      97%         5
 Dispersal                Tloc           2%         N/A       100%        6
 Discord                  Hex            2%         N/A       100%        8
 Disjunction              Tloc           2%         N/A       100%        8


Dungeon Overview and Level Annotations

Branches:
Dungeon (6/15)             Temple (1/1) D:6           Sewer (visited)

Altars:
Ashenzari
Dithmenos
Elyvilon
Fedhas
Gozag
Kikubaaqudgha
Makhleb
Nemelex Xobeh
Okawaru
Qazlal
Ru
Trog
Wu Jian
Xom

Shops:
D:1 (   D:2 !

Annotations:
D:6 Eustachio


Innate Abilities, Weirdness & Mutations

You are immune to sickness and miasma.
Your stone body is resilient. (AC +6)
You are immune to poison.
You resist negative energy. (rN+)
You are resistant to electric shocks. (rElec)
You are resistant to unholy torment.
You are immune to petrification.


Message History

Eustachio mumbles some strange words.
You miscast Foxfire.
You are very lightly contaminated with residual magic.
Nothing appears to happen.
The foxfire hits Eustachio.
Eustachio is lightly wounded.
The foxfire hits Eustachio but does no damage.
Eustachio is lightly wounded.
You conjure some foxfire!
Eustachio casts a spell.
Eustachio blinks!
The foxfire hits the orc warrior but does no damage.
Casting: Foxfire (safe; 1% risk of failure)
Confirm with . or Enter, or press ? or * to list all spells.
Flames lash the orc warrior but do no damage.
Unknown command.
Casting: Scorch (safe; 1% risk of failure)
Confirm with . or Enter, or press ? or * to list all spells.
Flames lash the orc warrior but do no damage.
The orc warrior hits you with a +0 great sword!
Your magical contamination has completely faded away.
Unknown command.
Casting: Scorch (safe; 1% risk of failure)
Confirm with . or Enter, or press ? or * to list all spells.
Flames lash the orc warrior.
The orc warrior is lightly wounded.
The orc warrior's fire resistance burns away.
The orc warrior hits you with a +0 great sword.
Unknown command.
Casting: Scorch (safe; 1% risk of failure)
Confirm with . or Enter, or press ? or * to list all spells.
Flames lash the orc warrior.
The orc warrior is burned terribly!
The orc warrior is moderately wounded.
The orc warrior hits you with a +0 great sword!!
* * * LOW HITPOINT WARNING * * *
Unknown command.
Casting: Scorch (safe; 1% risk of failure)
Confirm with . or Enter, or press ? or * to list all spells.
Flames lash the orc warrior but do no damage.
The orc warrior hits you with a +0 great sword!
You die...

##..## #..#
####### ##. #..##
#.)# ###......###
## ##..# #..#
#..........# #
#..##
#..###...........
####
#.[.##..###......
#...##..#)#......
#.......###......
#...o#...........
#..@..@..........
#...########.....
#...# .... #...#
.. ...... ##.....
#....#. #....#.
##..##..


You could see Eustachio and an orc warrior (combustible).

Vanquished Creatures
  Pikel (D:4)
  2 water moccasins
  An orc warrior (D:6)
  An ogre (D:4)
  A lemure (D:5)
  3 kobold brigands (Sewer)
  2 scorpions
  A bullfrog (D:6)
  5 wights (D:6)
  A howler monkey (D:4)
  A jelly (D:4)
  3 hounds
  An iguana (D:6)
  A sleepcap (D:4)
  An orc wizard (D:6)
  10 gnolls
  8 adders
  3 river rats
  4 worms
  5 dart slugs
  15 orcs
  8 bats
  3 endoplasms
  5 giant cockroaches
  12 goblins
  4 hobgoblins
  16 jackals
  13 kobolds
  7 ball pythons
  4 frilled lizards
  4 rats
146 creatures vanquished.

Vanquished Creatures (others)
  463 foxfires
463 creatures vanquished.

Grand Total: 609 creatures vanquished

Notes
Turn   | Place    | Note
-------+----------+-------------------------------------------
     0 | D:1      | retardedninja the Gargoyle Fire Elementalist began the
                  | quest for the Orb.
     0 | D:1      | Reached XP level 1. HP: 10/10 MP: 3/3
   283 | D:1      | Reached XP level 2. HP: 6/15 MP: 0/5
   622 | D:1      | Learned a level 2 spell: Scorch
   782 | D:1      | Found Raupatemu's Weapon Shoppe.
  1077 | D:1      | Reached XP level 3. HP: 20/20 MP: 3/6
  2006 | D:2      | Found Vurop's Distillery.
  2337 | D:2      | Reached skill level 1 in Fighting
  2912 | D:3      | Reached XP level 4. HP: 7/25 MP: 0/7
  2964 | D:3      | Found a glowing drain.
  2976 | Sewer    | Entered a sewer
  3106 | Sewer    | Noticed a kobold brigand
  3111 | Sewer    | Noticed a kobold brigand
  3116 | Sewer    | Killed a kobold brigand
  3117 | Sewer    | Reached skill level 1 in Air Magic
  3117 | Sewer    | Reached XP level 5. HP: 30/30 MP: 3/9
  3129 | Sewer    | Upgraded the game from 0.31-a0-978-g1e143483b6 to
                  | 0.31-a0-981-geadf994542
  3136 | Sewer    | Killed a kobold brigand
  3425 | Sewer    | Reached XP level 6. HP: 35/35 MP: 6/10
  3679 | Sewer    | Reached skill level 4 in Fire Magic
  4457 | D:3      | Found a sacrificial altar of Ru.
  5496 | D:4      | Reached XP level 7. HP: 7/41 MP: 1/12
  7129 | D:5      | Entered Level 5 of the Dungeon
  7897 | D:5      | Reached XP level 8. HP: 48/48 MP: 0/14
  8008 | D:5      | Noticed Pikel
  8062 | D:4      | Killed Pikel
  8063 | D:4      | Reached skill level 5 in Conjurations
  8063 | D:4      | Reached skill level 5 in Fire Magic
  9212 | D:6      | Reached skill level 5 in Fighting
  9393 | D:6      | Found a staircase to the Ecumenical Temple.
  9412 | Temple   | Entered the Ecumenical Temple
  9432 | D:6      | Reached XP level 9. HP: 43/54 MP: 10/16
  9488 | D:6      | Reached skill level 5 in Spellcasting
  9622 | D:6      | Found a burning altar of Makhleb.
  9796 | D:6      | Noticed Eustachio
 10146 | D:6      | Reached skill level 6 in Fire Magic
 10374 | D:6      | Slain by an orc warrior

Illustrated notes

Levels and vault maps discovered:
D:1:      sevenhm_arrival_forest_fort_small_6, layout_loops_ring, serial_shops,
          nicolae_shop_advertising_works [nicolae_subvault_shop_adworks],
          minmay_worlds_worst_comb
D:2:      layout_basic, serial_shops, shop
D:3:      layout_basic, mainiacjoe_overflow_surrounded_room,
          cheibrodos_sewer_entry_sluice
D:4:      layout_loops_ring, kennysheep_generic_room_16
D:5:      layout_cave_pods, hangedman_glass_teeth, uniq_pikel
D:6:      minmay_inner_zag, layout_cave_pods, mainiacjoe_overflow_24_doors,
          minmay_temple_entry_grid, sword_in_stone
Temple:   nicolae_temple_no_exploring_needed

Skill      XL: |  1  2  3  4  5  6  7  8  9 |
---------------+----------------------------+-----
Fighting       | 1 2 3 4 5 |  5.5
Conjurations   | 2 3 4 5 |  5.8
Air Magic      | 1 2 3 4 |  4.1
Spellcasting   | 3 4 5 |  5.2
Fire Magic     | 4 5 6 |  6.0
Dodging        | |  1.7
Stealth        | |  2.4

Action                     |  1- 3 |  4- 6 |  7- 9 || total
---------------------------+-------+-------+-------++-------
  Melee: Unarmed           |    44 |    26 |       ||    70
         Halberd           |       |       |     8 ||     8
         Mace              |       |       |     5 ||     5
         Punch             |       |       |     1 ||     1
   Cast: Foxfire           |    87 |    93 |   104 ||   284
         Scorch            |    13 |    13 |    80 ||   106
  Evoke: Wand              |       |       |     1 ||     1
    Use: Scroll            |       |       |    11 ||    11
         Potion            |       |       |     1 ||     1
 Armour: Robe              |    80 |    21 |    84 ||   185
  Dodge: Dodged            |    86 |    32 |    80 ||   198

Table legend: (Time is in decaauts)
 A = Elapsed time spent in this place.
 B = Non-inter-level travel time spent in this place.
 C = Inter-level travel time spent in this place.
 D = Time resting spent in this place.
 E = Time spent auto-exploring this place.
 F = Levels seen in this place.
 G = Mean time per level.
                   A        B        C        D        E       F      G
               +--------+--------+--------+--------+--------+-----+--------+
         Total |  10446 |  10033 |    413 |   2062 |   6347 |   8 | 1305.8 |
       Dungeon |   9639 |   9226 |    413 |   1986 |   5785 |   6 | 1606.5 |
        Temple |      1 |      1 |      0 |      0 |      0 |   1 |    1.0 |
         Sewer |    806 |    806 |      0 |     76 |    562 |   1 |  806.0 |
               +--------+--------+--------+--------+--------+-----+--------+

Top non-repeatable levels by time:
     D:4: 2416 daAuts
     D:3: 1804 daAuts
     D:1: 1690 daAuts
     D:5: 1619 daAuts
     D:2: 1124 daAuts
     D:6: 984 daAuts
   Sewer: 806 daAuts
  Temple: 1 daAuts
